MINNESOTA Wild vs COLORADO Avalanche

Created - 29 mars 2024 at 10:18

Goals
1 2 3 T
MINNESOTA Wild 1 1 1 3
COLORADO Avalanche 1 0 1 2
Shots
1 2 3 T
MINNESOTA Wild 15 7 16 38
COLORADO Avalanche 5 12 10 27

1st period

1. MINNESOTA Wild , Robert Thomas 25 (Martin Necas 31, Zach Werenski 8) at 2:47
2. COLORADO Avalanche , Jake DeBrusk 38 (Tyson Barrie 44, David Pastrnak 34) at 18:53

Penalties :
Alex Pietrangelo (MIN) for Slashing (Minor) at 0:39, David Pastrnak (COL) for Tripping (Minor) at 7:48, David Pastrnak (COL) for Tripping (Minor) at 13:13

2nd period

3. MINNESOTA Wild , Martin Necas 23 (Kevin Fiala 32, Alexandre Carrier 35) at 1:11 (PP)

Penalties :
Zach Bogosian (COL) for Hooking (Minor) at 0:32, Martin Necas (MIN) for Roughing (Minor) at 8:17, Robert Thomas (MIN) for High sticking (Minor) at 11:07, Kevin Fiala (MIN) for Slashing (Minor) at 15:40, Alexandre Carrier (MIN) for Hooking (Minor) at 16:37

3rd period

4. COLORADO Avalanche , David Pastrnak 36 (Zach Bogosian 15, Jake DeBrusk 35) at 13:39
5. MINNESOTA Wild , Alexandre Carrier 15 (Robert Thomas 34, Kevin Fiala 33) at 15:21

Penalties :
Zach Bogosian (COL) for Holding (Minor) at 0:45, Mark Pysyk (COL) for Interference (Minor) at 3:15, Yanni Gourde (MIN) for Roughing (Minor) at 3:15, Zach Bogosian (COL) for Slashing (Minor) at 18:32

Goalie Stats

Ilya Samsonov (MIN), 25 saves from 27 shots - (0,926), W, 39-19-5, 60:00 minutes
Jonathan Quick (COL), 35 saves from 38 shots - (0,921), L, 31-27-5, 60:00 minutes

Players Stats for MINNESOTA Wild

Player Name              G  A  P  +/- PIM S  H  SB GA TA FO     MP     PP MP  PK MP  
------------------------------------------------------------------------------------
Alex Pietrangelo         0  0  0   0  2   4  3  3  0  0  0/0    25:29   4:15   3:45 
Alexandre Carrier        1  1  2   0  2   2  1  1  0  0  0/0    20:30   3:48   3:19 
Anton Lundell            0  0  0   0  0   3  0  0  0  0  6/12    6:50   0:00   2:15 
Caleb Jones              0  0  0   0  0   1  1  1  0  0  0/0    13:36   0:00   1:25 
Denis Malgin             0  0  0   0  0   1  0  0  0  0  0/0     4:35   0:00   0:00 
J.T. Miller              0  0  0  -1  0   4  3  0  0  0  26/45  25:53   4:22   4:35 
Kevin Fiala              0  2  2   2  2   5  1  0  0  0  0/0    16:46   3:41   0:00 
Martin Necas             1  1  2   2  2   4  1  0  0  0  0/1    16:09   3:41   0:00 
Mathieu Joseph           0  0  0   0  0   0  0  0  0  0  0/0     4:35   0:00   0:00 
Mattias Ekholm           0  0  0   0  0   0  6  1  0  0  0/0    26:24   4:15   4:39 
Morgan Rielly            0  0  0   0  0   1  0  0  0  0  0/0    21:25   3:48   4:14 
Nikita Kucherov          0  0  0  -1  0   3  0  0  0  0  2/3    21:18   4:22   0:00 
Robert Thomas            1  1  2   2  2   2  1  0  0  0  12/21  18:30   3:41   1:44 
Taylor Hall              0  0  0  -1  0   1  0  0  0  0  0/1     8:27   0:00   0:00 
Trevor Moore             0  0  0  -1  0   2  0  0  0  0  0/1    11:01   0:00   2:34 
Tyler Toffoli            0  0  0  -1  0   3  0  0  0  0  0/0    19:56   4:22   0:00 
Yanni Gourde             0  0  0  -1  2   2  1  1  0  0  3/9    14:02   0:00   5:36 
Zach Werenski            0  1  1   0  0   0  0  2  0  0  0/0    12:34   0:00   0:23 

Players Stats for COLORADO Avalanche

Player Name              G  A  P  +/- PIM S  H  SB GA TA FO     MP     PP MP  PK MP  
------------------------------------------------------------------------------------
Alex Iafallo             0  0  0   0  0   0  0  0  0  0  0/0    19:27   4:34   0:00 
Craig Smith              0  0  0   0  0   0  0  0  0  0  2/4     3:19   0:00   0:00 
David Pastrnak           1  1  2   1  4   6  0  1  0  0  2/2    17:49   4:19   0:00 
Jake DeBrusk             1  1  2   1  0   3  2  1  0  0  2/2    24:50   4:19   5:27 
Jason Zucker             0  0  0   0  0   2  1  0  0  0  1/2    20:54   3:44   1:50 
Jeff Skinner             0  0  0   1  0   3  0  0  0  0  20/40  25:26   4:55   5:27 
Jordan Eberle            0  0  0  -1  0   2  0  0  0  0  1/1     9:21   0:00   0:00 
Jordie Benn              0  0  0  -1  0   0  1  0  0  0  0/0    11:22   0:00   0:44 
Kris Russell             0  0  0  -1  0   0  1  0  0  0  0/0    13:35   0:00   2:02 
Mark Pysyk               0  0  0   1  2   1  1  4  0  0  0/0    21:23   4:32   3:30 
Nick Foligno             0  0  0  -1  0   2  1  0  0  0  5/13   13:26   0:00   0:46 
Oliver Ekman-Larsson     0  0  0   0  0   2  2  1  0  0  0/0    26:14   4:21   3:44 
Tomas Nosek              0  0  0  -1  0   3  0  1  0  0  0/0    10:21   0:14   0:46 
Trevor Zegras            0  0  0   0  0   1  1  1  0  0  11/29  21:44   4:34   1:50 
Tyler Johnson            0  0  0   0  0   0  0  0  0  0  0/0     0:00   0:00   0:00 
Tyson Barrie             0  1  1   0  0   1  2  2  0  0  0/0    26:14   4:21   3:44 
Zach Aston-Reese         0  0  0   0  0   1  0  0  0  0  0/0     3:19   0:00   0:00 
Zach Bogosian            0  1  1   1  6   0  3  5  0  0  0/0    21:08   4:32   2:22 

3 Stars

1 - Jake DeBrusk (COL)
2 - Martin Necas (MIN)
3 - Robert Thomas (MIN)

Power Play

MINNESOTA Wild - 1 on 5 Attempt(s) - 20,00%
COLORADO Avalanche - 0 on 5 Attempt(s) - 0,00%

Penalty Kill

MINNESOTA Wild - 5 on 5 Attempt(s) - 100,00% - Score 0 goal in Penalty Kill
COLORADO Avalanche - 4 on 5 Attempt(s) - 80,00% - Score 0 goal in Penalty Kill

Team Stat

MINNESOTA Wild - Hits : 18 - Faceoff Wins : 49 - Blocked Shots : 9 - Penalty Minutes : 12
COLORADO Avalanche - Hits : 15 - Faceoff Wins : 44 - Blocked Shots : 16 - Penalty Minutes : 12

Official

Referees : Jestina Vichorek and Kelly Cooke
Linesman : Cassandra Gregory and Kiel Murchison

Game Notes

No Game Note

Finance

Level 1 -- Attendance: 4782 (79,70%) -- Ticket Income $478,200
Level 2 -- Attendance: 4478 (89,56%) -- Ticket Income $268,680
Level 3 -- Attendance: 2000 (100,00%) -- Ticket Income $70,000
Level 4 -- Attendance: 2721 (68,03%) -- Ticket Income $68,025
Luxury Box -- Attendance: 779 (77,90%) -- Ticket Income $155,800
Game was played at the Pepsi Center.
Total Attendance: 14760 (82,00%)
Total Ticket Income: $1,040,705
Other Income: $260,176
Total Income: $1,300,881

MINNESOTA Wild

5 vs 5 Forward 
   Center                   Left Wing                Right Wing               Time % Phy DF OF 
 1 J.T. Miller              Tyler Toffoli            Nikita Kucherov          40     1   2  2  
 2 Robert Thomas            Kevin Fiala              Martin Necas             32     1   2  2  
 3 Yanni Gourde             Taylor Hall              Trevor Moore             20     1   2  2  
 4 Anton Lundell            Mathieu Joseph           Denis Malgin             8      1   3  1  

5 vs 5 Defense 
   Defense                  Defense                                           Time % Phy DF OF 
 1 Alex Pietrangelo         Mattias Ekholm                                    40     1   2  2  
 2 Morgan Rielly            Alexandre Carrier                                 32     1   3  1  
 3 Zach Werenski            Caleb Jones                                       20     1   3  1  
 4 Alex Pietrangelo         Mattias Ekholm                                    8      1   2  2  

PowerPlay Forward 
   Center                   Left Wing                Right Wing               Time % Phy DF OF 
 1 J.T. Miller              Tyler Toffoli            Nikita Kucherov          60     1   1  3  
 2 Robert Thomas            Kevin Fiala              Martin Necas             40     1   1  3  

PowerPlay Defense
   Defense                  Defense                                           Time % Phy DF OF 
 1 Alex Pietrangelo         Mattias Ekholm                                    60     1   2  2  
 2 Morgan Rielly            Alexandre Carrier                                 40     1   2  2  

Penalty Kill 4 Players Forward 
   Center                   Wing                     Time % Phy DF OF 
 1 J.T. Miller              Yanni Gourde             60     1   3  1  
 2 Anton Lundell            Robert Thomas            40     1   3  1  

Penalty Kill 4 Players Defense
   Defense                  Defense                  Time % Phy DF OF 
 1 Alex Pietrangelo         Mattias Ekholm           60     1   3  1  
 2 Morgan Rielly            Alexandre Carrier        40     1   3  1  

Penalty Kill - 3 Players Forward 
   Forward                                           Time % Phy DF OF 
 1 J.T. Miller                                       60     1   3  1  
 2 Yanni Gourde                                      40     1   3  1  

Penalty Kill - 3 Players Defense
   Defense                  Defense                  Time % Phy DF OF 
 1 Alex Pietrangelo         Mattias Ekholm           60     1   3  1  
 2 Morgan Rielly            Alexandre Carrier        40     1   3  1  

4 vs 4 Forward 
   Center                   Wing                     Time % Phy DF OF 
 1 J.T. Miller              Nikita Kucherov          60     1   2  2  
 2 Robert Thomas            Kevin Fiala              40     1   2  2  

4 vs 4 Defense
   Defense                  Defense                  Time % Phy DF OF 
 1 Alex Pietrangelo         Mattias Ekholm           60     1   2  2  
 2 Morgan Rielly            Alexandre Carrier        40     1   2  2  

Last Minutes Offensive
   Center                   Left Wing                Right Wing               Defense                  Defense                  
   J.T. Miller              Tyler Toffoli            Nikita Kucherov          Alex Pietrangelo         Mattias Ekholm           

Last Minutes Defensive
   Center                   Left Wing                Right Wing               Defense                  Defense                  
   J.T. Miller              Yanni Gourde             Robert Thomas            Alex Pietrangelo         Mattias Ekholm           

Goaltenders
Starting : Ilya Samsonov            
Backup : Jack Campbell            

Extra Forwards
Normal : Trevor Moore, Anton Lundell, Mathieu Joseph - PP : Taylor Hall, Yanni Gourde - PK : Trevor Moore
Extra Defensemen
Normal : Zach Werenski, Caleb Jones, Alexandre Carrier - PP : Zach Werenski - PK : Caleb Jones, Zach Werenski
Penalty Shots
Nikita Kucherov, Tyler Toffoli, J.T. Miller, Kevin Fiala, Martin Necas

Scratches
None

COLORADO Avalanche

5 vs 5 Forward 
   Center                   Left Wing                Right Wing               Time % Phy DF OF 
 1 Jeff Skinner             Jake DeBrusk             David Pastrnak           40     1   2  2  
 2 Trevor Zegras            Alex Iafallo             Jason Zucker             30     1   2  2  
 3 Nick Foligno             Tomas Nosek              Jordan Eberle            20     1   2  2  
 4 Craig Smith              Zach Aston-Reese         Nick Foligno             10     1   2  2  

5 vs 5 Defense 
   Defense                  Defense                                           Time % Phy DF OF 
 1 Tyson Barrie             Oliver Ekman-Larsson                              40     1   2  2  
 2 Zach Bogosian            Mark Pysyk                                        30     1   2  2  
 3 Kris Russell             Jordie Benn                                       20     1   2  2  
 4 Tyson Barrie             Oliver Ekman-Larsson                              10     1   2  2  

PowerPlay Forward 
   Center                   Left Wing                Right Wing               Time % Phy DF OF 
 1 Jeff Skinner             Jake DeBrusk             David Pastrnak           60     1   2  2  
 2 Trevor Zegras            Alex Iafallo             Jeff Skinner             40     1   2  2  

PowerPlay Defense
   Defense                  Defense                                           Time % Phy DF OF 
 1 Tyson Barrie             Oliver Ekman-Larsson                              60     1   2  2  
 2 Zach Bogosian            Mark Pysyk                                        40     1   2  2  

Penalty Kill 4 Players Forward 
   Center                   Wing                     Time % Phy DF OF 
 1 Jeff Skinner             Jake DeBrusk             60     1   2  2  
 2 Trevor Zegras            Jason Zucker             40     1   2  2  

Penalty Kill 4 Players Defense
   Defense                  Defense                  Time % Phy DF OF 
 1 Tyson Barrie             Oliver Ekman-Larsson     60     1   2  2  
 2 Zach Bogosian            Mark Pysyk               40     1   2  2  

Penalty Kill - 3 Players Forward 
   Forward                                           Time % Phy DF OF 
 1 Jeff Skinner                                      60     1   2  2  
 2 Trevor Zegras                                     40     1   2  2  

Penalty Kill - 3 Players Defense
   Defense                  Defense                  Time % Phy DF OF 
 1 Tyson Barrie             Oliver Ekman-Larsson     60     1   2  2  
 2 Zach Bogosian            Mark Pysyk               40     1   2  2  

4 vs 4 Forward 
   Center                   Wing                     Time % Phy DF OF 
 1 Jeff Skinner             Jake DeBrusk             60     1   2  2  
 2 Trevor Zegras            Jason Zucker             40     1   2  2  

4 vs 4 Defense
   Defense                  Defense                  Time % Phy DF OF 
 1 Tyson Barrie             Oliver Ekman-Larsson     60     1   2  2  
 2 Zach Bogosian            Mark Pysyk               40     1   2  2  

Last Minutes Offensive
   Center                   Left Wing                Right Wing               Defense                  Defense                  
   Jeff Skinner             Jake DeBrusk             David Pastrnak           Tyson Barrie             Oliver Ekman-Larsson     

Last Minutes Defensive
   Center                   Left Wing                Right Wing               Defense                  Defense                  
   Jeff Skinner             Jake DeBrusk             David Pastrnak           Tyson Barrie             Oliver Ekman-Larsson     

Goaltenders
Starting : Jonathan Quick           
Backup : Magnus Hellberg          

Extra Forwards
Normal : Jason Zucker, Alex Iafallo, Trevor Zegras - PP : Jason Zucker, Alex Iafallo - PK : Jason Zucker
Extra Defensemen
Normal : Mark Pysyk, Kris Russell, Jordie Benn - PP : Mark Pysyk - PK : Mark Pysyk, Kris Russell
Penalty Shots
David Pastrnak, Jeff Skinner, Jake DeBrusk, Jordan Eberle, Jason Zucker

Scratches
None


% Time on Ice - MINNESOTA Wild

Lines # - Real PCT - Wanted PCT - Time Play
Normal Forward
1 - 38% - 40% - 15:34
2 - 30% - 32% - 12:29
3 - 21% - 20% - 8:27
4 - 11% - 8% - 4:35
Normal Defense
1 - 40% - 40% - 16:22
2 - 31% - 32% - 12:32
3 - 30% - 20% - 12:11
4 - 0% - 8% - 0:00
PP Forward
1 - 54% - 60% - 4:22
2 - 46% - 40% - 3:41
PP Defense
1 - 53% - 60% - 4:15
2 - 47% - 40% - 3:48
PK Forward
1 - 71% - 60% - 5:36
2 - 29% - 40% - 2:15
PK Defense
1 - 58% - 60% - 4:31
2 - 42% - 40% - 3:20
PK3 Forward
1 - 100% - 60% - 1:02
2 - 0% - 40% - 0:00
PK3 Defense
1 - 13% - 60% - 0:08
2 - 87% - 40% - 0:54
44 Forward
1 - 69% - 60% - 1:22
2 - 31% - 40% - 0:37
44 Defense
1 - 57% - 60% - 1:08
2 - 43% - 40% - 0:51
Last Minute Offensive  - 0:00
Last Minute Defensive  - 0:00
Total
Forward - 60:00
Defense - 60:00

% Time on Ice - COLORADO Avalanche

Lines # - Real PCT - Wanted PCT - Time Play
Normal Forward
1 - 33% - 40% - 13:32
2 - 36% - 30% - 14:53
3 - 23% - 20% - 9:21
4 - 8% - 10% - 3:19
Normal Defense
1 - 40% - 40% - 16:25
2 - 33% - 30% - 13:22
3 - 26% - 20% - 10:38
4 - 2% - 10% - 0:40
PP Forward
1 - 49% - 60% - 4:19
2 - 51% - 40% - 4:34
PP Defense
1 - 49% - 60% - 4:21
2 - 51% - 40% - 4:32
PK Forward
1 - 77% - 60% - 6:13
2 - 23% - 40% - 1:50
PK Defense
1 - 46% - 60% - 3:44
2 - 54% - 40% - 4:19
PK3 Forward
1 - 0% - 60%
2 - 0% - 40%
PK3 Defense
1 - 0% - 60%
2 - 0% - 40%
44 Forward
1 - 77% - 60% - 1:32
2 - 23% - 40% - 0:27
44 Defense
1 - 54% - 60% - 1:04
2 - 46% - 40% - 0:55
Last Minute Offensive  - 0:00
Last Minute Defensive  - 0:00
Total
Forward - 60:00
Defense - 60:00

Play-by-Play

1st period


0:01 of 1st period - Jeff Skinner wins face-off versus J.T. Miller in neutral zone.
0:12 of 1st period - Shot by Tyler Toffoli.
0:12 of 1st period - Shot Blocked by Tyson Barrie.
0:25 of 1st period - Jeff Skinner is hit by Mattias Ekholm and loses puck.
0:32 of 1st period - Shot by Jake DeBrusk.
0:32 of 1st period - Shot Misses the Net.
0:39 of 1st period - Minor Penalty to Alex Pietrangelo for Slashing.
0:40 of 1st period - Trevor Zegras wins face-off versus J.T. Miller in MINNESOTA Wild zone.
0:52 of 1st period - Shot by Jeff Skinner.
0:52 of 1st period - Shot Misses the Net.
0:54 of 1st period - Shot by Jeff Skinner.
0:54 of 1st period - Deflect By Trevor Zegras.
0:54 of 1st period - Shot Blocked by Alexandre Carrier.
0:56 of 1st period - Shot by Mark Pysyk.
0:56 of 1st period - Stopped by Ilya Samsonov without a rebound.
0:57 of 1st period - Anton Lundell wins face-off versus Jeff Skinner in MINNESOTA Wild zone.
1:52 of 1st period - Shot by Yanni Gourde.
1:52 of 1st period - Shot Blocked by Mark Pysyk.
2:33 of 1st period - Shot by Yanni Gourde.
2:33 of 1st period - Stopped by Jonathan Quick without a rebound.
2:34 of 1st period - Jeff Skinner wins face-off versus Anton Lundell in COLORADO Avalanche zone.
2:45 of 1st period - Shot by Robert Thomas.
2:45 of 1st period - Shot Misses the Net.
2:47 of 1st period - Shot by Robert Thomas.
2:47 of 1st period - Goal by Robert Thomas - MINNESOTA Wild : 1 - COLORADO Avalanche : 0.
2:48 of 1st period - Craig Smith wins face-off versus Anton Lundell in neutral zone.
2:52 of 1st period - Zach Aston-Reese is hit by Caleb Jones and loses puck.
3:15 of 1st period - Shot by Mathieu Joseph.
3:15 of 1st period - Shot Misses the Net.
3:29 of 1st period - Shot by Anton Lundell.
3:29 of 1st period - Stopped by Jonathan Quick with a rebound.
4:02 of 1st period - Shot by Martin Necas.
4:02 of 1st period - Shot Misses the Net.
4:04 of 1st period - Shot by Martin Necas.
4:04 of 1st period - Stopped by Jonathan Quick without a rebound.
4:05 of 1st period - J.T. Miller wins face-off versus Jeff Skinner in COLORADO Avalanche zone.
4:16 of 1st period - Mattias Ekholm is hit by Jake DeBrusk and loses puck.
4:28 of 1st period - Jeff Skinner is hit by Mattias Ekholm and loses puck.
5:18 of 1st period - Icing by Alexandre Carrier.
5:19 of 1st period - Robert Thomas wins face-off versus Nick Foligno in MINNESOTA Wild zone.
5:46 of 1st period - Martin Necas is hit by Jordie Benn and loses puck.
6:18 of 1st period - Shot by Taylor Hall.
6:18 of 1st period - Stopped by Jonathan Quick without a rebound.
6:19 of 1st period - Anton Lundell wins face-off versus Trevor Zegras in COLORADO Avalanche zone.
6:22 of 1st period - Shot by Anton Lundell.
6:22 of 1st period - Stopped by Jonathan Quick with a rebound.
6:24 of 1st period - Shot by Anton Lundell.
6:24 of 1st period - Shot Blocked by Mark Pysyk.
6:28 of 1st period - Shot by Denis Malgin.
6:28 of 1st period - Deflect By Anton Lundell.
6:28 of 1st period - Shot Misses the Net.
6:30 of 1st period - Shot by Anton Lundell.
6:30 of 1st period - Shot Blocked by Zach Bogosian.
6:32 of 1st period - Shot by Anton Lundell.
6:32 of 1st period - Stopped by Jonathan Quick without a rebound.
6:33 of 1st period - Jeff Skinner wins face-off versus Yanni Gourde in COLORADO Avalanche zone.
6:53 of 1st period - Shot by Trevor Moore.
6:53 of 1st period - Shot Misses the Net.
6:55 of 1st period - Shot by Caleb Jones.
6:55 of 1st period - Stopped by Jonathan Quick without a rebound.
6:56 of 1st period - Trevor Zegras wins face-off versus Nikita Kucherov in COLORADO Avalanche zone.
7:13 of 1st period - Shot by Jason Zucker.
7:13 of 1st period - Shot Blocked by Mattias Ekholm.
7:21 of 1st period - Shot by Jason Zucker.
7:21 of 1st period - Stopped by Ilya Samsonov without a rebound.
7:22 of 1st period - Jake DeBrusk wins face-off versus Yanni Gourde in MINNESOTA Wild zone.
7:30 of 1st period - Yanni Gourde is hit by Oliver Ekman-Larsson and loses puck.
7:48 of 1st period - Minor Penalty to David Pastrnak for Tripping.
7:49 of 1st period - Nikita Kucherov wins face-off versus Jeff Skinner in COLORADO Avalanche zone.
7:50 of 1st period - Shot by Mattias Ekholm.
7:50 of 1st period - Shot Misses the Net.
7:52 of 1st period - Shot by Mattias Ekholm.
7:52 of 1st period - Shot Misses the Net.
7:54 of 1st period - Shot by Alex Pietrangelo.
7:54 of 1st period - Shot Misses the Net.
7:56 of 1st period - Shot by J.T. Miller.
7:56 of 1st period - Shot Blocked by Mark Pysyk.
7:58 of 1st period - Shot by Alex Pietrangelo.
7:58 of 1st period - Stopped by Jonathan Quick with a rebound.
8:00 of 1st period - Shot by Tyler Toffoli.
8:00 of 1st period - Shot Misses the Net.
8:02 of 1st period - Shot by J.T. Miller.
8:02 of 1st period - Shot Misses the Net.
8:04 of 1st period - Shot by Alex Pietrangelo.
8:04 of 1st period - Shot Blocked by Zach Bogosian.
8:16 of 1st period - Shot by Alex Pietrangelo.
8:16 of 1st period - Shot Blocked by Jake DeBrusk.
8:18 of 1st period - Shot by Nikita Kucherov.
8:18 of 1st period - Shot Misses the Net.
8:20 of 1st period - Shot by Alex Pietrangelo.
8:20 of 1st period - Shot Blocked by Zach Bogosian.
8:22 of 1st period - Shot by Nikita Kucherov.
8:22 of 1st period - Stopped by Jonathan Quick without a rebound.
8:23 of 1st period - Trevor Zegras wins face-off versus Robert Thomas in COLORADO Avalanche zone.
8:29 of 1st period - Icing by Morgan Rielly.
8:30 of 1st period - Jeff Skinner wins face-off versus Robert Thomas in MINNESOTA Wild zone.
9:05 of 1st period - Shot by Kevin Fiala.
9:05 of 1st period - Stopped by Jonathan Quick without a rebound.
9:06 of 1st period - Jeff Skinner wins face-off versus J.T. Miller in COLORADO Avalanche zone.
9:13 of 1st period - Shot by Mattias Ekholm.
9:13 of 1st period - Shot Misses the Net.
9:15 of 1st period - Shot by Tyler Toffoli.
9:15 of 1st period - Stopped by Jonathan Quick without a rebound.
9:16 of 1st period - J.T. Miller wins face-off versus Jeff Skinner in COLORADO Avalanche zone.
9:53 of 1st period - Alexandre Carrier is hit by Kris Russell and loses puck.
10:08 of 1st period - Shot by Kevin Fiala.
10:08 of 1st period - Stopped by Jonathan Quick without a rebound.
10:09 of 1st period - Trevor Zegras wins face-off versus Yanni Gourde in COLORADO Avalanche zone.
10:50 of 1st period - Shot by Yanni Gourde.
10:50 of 1st period - Deflect By Taylor Hall.
10:50 of 1st period - Shot Misses the Net.
12:15 of 1st period - Shot by Martin Necas.
12:15 of 1st period - Shot Misses the Net.
12:53 of 1st period - Shot by David Pastrnak.
12:53 of 1st period - Stopped by Ilya Samsonov without a rebound.
12:54 of 1st period - Jeff Skinner wins face-off versus Yanni Gourde in MINNESOTA Wild zone.
12:55 of 1st period - Shot by Jake DeBrusk.
12:55 of 1st period - Shot Blocked by Alex Pietrangelo.
13:13 of 1st period - Minor Penalty to David Pastrnak for Tripping.
13:14 of 1st period - J.T. Miller wins face-off versus Jeff Skinner in COLORADO Avalanche zone.
13:37 of 1st period - Shot by Nikita Kucherov.
13:37 of 1st period - Deflect By J.T. Miller.
13:37 of 1st period - Shot Misses the Net.
13:39 of 1st period - Shot by Morgan Rielly.
13:39 of 1st period - Stopped by Jonathan Quick without a rebound.
13:40 of 1st period - Jeff Skinner wins face-off versus Robert Thomas in COLORADO Avalanche zone.
13:58 of 1st period - Off-side.
13:59 of 1st period - J.T. Miller wins face-off versus Jeff Skinner in neutral zone.
15:42 of 1st period - Shot by Zach Aston-Reese.
15:42 of 1st period - Stopped by Ilya Samsonov with a rebound.
16:51 of 1st period - Shot by Kevin Fiala.
16:51 of 1st period - Stopped by Jonathan Quick without a rebound.
16:52 of 1st period - Nick Foligno wins face-off versus Anton Lundell in COLORADO Avalanche zone.
17:45 of 1st period - Alexandre Carrier is hit by Trevor Zegras and loses puck.
18:31 of 1st period - Shot by David Pastrnak.
18:31 of 1st period - Shot Misses the Net.
18:51 of 1st period - Shot by Jake DeBrusk.
18:51 of 1st period - Shot Hit the Post.
18:53 of 1st period - Shot by Jake DeBrusk.
18:53 of 1st period - Goal by Jake DeBrusk - MINNESOTA Wild : 1 - COLORADO Avalanche : 1.
18:54 of 1st period - Robert Thomas wins face-off versus Craig Smith in neutral zone.
Goals for this period are 1 for MINNESOTA Wild vs 1 for COLORADO Avalanche.
Shots for this period are 15 for MINNESOTA Wild vs 5 for COLORADO Avalanche.

2nd period


0:01 of 2nd period - Jeff Skinner wins face-off versus J.T. Miller in neutral zone.
0:17 of 2nd period - Jeff Skinner is hit by Alex Pietrangelo.
0:32 of 2nd period - Minor Penalty to Zach Bogosian for Hooking.
0:33 of 2nd period - Robert Thomas wins face-off versus Trevor Zegras in COLORADO Avalanche zone.
1:05 of 2nd period - Shot by Martin Necas.
1:05 of 2nd period - Shot Misses the Net.
1:11 of 2nd period - Shot by Kevin Fiala.
1:11 of 2nd period - Deflect By Martin Necas.
1:11 of 2nd period - Goal by Martin Necas - MINNESOTA Wild : 2 - COLORADO Avalanche : 1.
1:12 of 2nd period - Nick Foligno wins face-off versus J.T. Miller in neutral zone.
1:21 of 2nd period - Shot by J.T. Miller.
1:21 of 2nd period - Deflect By Tyler Toffoli.
1:21 of 2nd period - Stopped by Jonathan Quick without a rebound.
1:22 of 2nd period - Trevor Zegras wins face-off versus J.T. Miller in COLORADO Avalanche zone.
1:24 of 2nd period - Icing by Jason Zucker.
1:25 of 2nd period - J.T. Miller wins face-off versus Trevor Zegras in COLORADO Avalanche zone.
1:34 of 2nd period - Shot by J.T. Miller.
1:34 of 2nd period - Shot Blocked by Mark Pysyk.
1:36 of 2nd period - Shot by Alex Pietrangelo.
1:36 of 2nd period - Shot Blocked by Zach Bogosian.
2:00 of 2nd period - Shot by Jason Zucker.
2:00 of 2nd period - Shot Blocked by Alex Pietrangelo.
2:57 of 2nd period - Shot by Robert Thomas.
2:57 of 2nd period - Stopped by Jonathan Quick without a rebound.
2:58 of 2nd period - Nick Foligno wins face-off versus Yanni Gourde in COLORADO Avalanche zone.
3:22 of 2nd period - Shot by Tomas Nosek.
3:22 of 2nd period - Shot Misses the Net.
3:26 of 2nd period - Shot by Nick Foligno.
3:26 of 2nd period - Shot Misses the Net.
3:55 of 2nd period - Off-side.
3:56 of 2nd period - J.T. Miller wins face-off versus Trevor Zegras in neutral zone.
4:07 of 2nd period - Shot by Nikita Kucherov.
4:07 of 2nd period - Shot Blocked by Trevor Zegras.
4:22 of 2nd period - Icing by Alex Pietrangelo.
4:23 of 2nd period - J.T. Miller wins face-off versus Jeff Skinner in MINNESOTA Wild zone.
4:38 of 2nd period - Shot by J.T. Miller.
4:38 of 2nd period - Shot Misses the Net.
5:02 of 2nd period - Tyson Barrie is hit by J.T. Miller.
5:03 of 2nd period - Icing by Tyson Barrie.
5:04 of 2nd period - Robert Thomas wins face-off versus Jeff Skinner in COLORADO Avalanche zone.
5:05 of 2nd period - Shot by Kevin Fiala.
5:05 of 2nd period - Shot Blocked by David Pastrnak.
5:09 of 2nd period - Shot by Alexandre Carrier.
5:09 of 2nd period - Shot Blocked by Oliver Ekman-Larsson.
5:11 of 2nd period - Shot by Alexandre Carrier.
5:11 of 2nd period - Stopped by Jonathan Quick with a rebound.
5:17 of 2nd period - Shot by Martin Necas.
5:17 of 2nd period - Shot Misses the Net.
5:19 of 2nd period - Shot by Martin Necas.
5:19 of 2nd period - Shot Misses the Net.
5:29 of 2nd period - Shot by Martin Necas.
5:29 of 2nd period - Stopped by Jonathan Quick without a rebound.
5:30 of 2nd period - Yanni Gourde wins face-off versus Nick Foligno in COLORADO Avalanche zone.
5:35 of 2nd period - Shot by Yanni Gourde.
5:35 of 2nd period - Shot Blocked by Tomas Nosek.
5:44 of 2nd period - Icing by Taylor Hall.
5:45 of 2nd period - Yanni Gourde wins face-off versus Trevor Zegras in MINNESOTA Wild zone.
6:20 of 2nd period - Shot by Jason Zucker.
6:20 of 2nd period - Shot Misses the Net.
6:55 of 2nd period - Shot by Nick Foligno.
6:55 of 2nd period - Stopped by Ilya Samsonov with a rebound.
7:01 of 2nd period - Shot by Tomas Nosek.
7:01 of 2nd period - Stopped by Ilya Samsonov with a rebound.
7:14 of 2nd period - Icing by Mark Pysyk.
7:15 of 2nd period - Nick Foligno wins face-off versus J.T. Miller in COLORADO Avalanche zone.
8:16 of 2nd period - Jake DeBrusk is hit by Kevin Fiala and loses puck.
8:17 of 2nd period - Minor Penalty to Martin Necas for Roughing.
8:18 of 2nd period - Anton Lundell wins face-off versus Trevor Zegras in MINNESOTA Wild zone.
9:21 of 2nd period - Shot by David Pastrnak.
9:21 of 2nd period - Stopped by Ilya Samsonov without a rebound.
9:22 of 2nd period - Trevor Zegras wins face-off versus J.T. Miller in MINNESOTA Wild zone.
9:23 of 2nd period - Shot by Oliver Ekman-Larsson.
9:23 of 2nd period - Stopped by Ilya Samsonov without a rebound.
9:24 of 2nd period - J.T. Miller wins face-off versus Trevor Zegras in MINNESOTA Wild zone.
9:29 of 2nd period - Zach Bogosian is hit by Yanni Gourde and loses puck.
10:08 of 2nd period - Shot by David Pastrnak.
10:08 of 2nd period - Stopped by Ilya Samsonov with a rebound.
10:10 of 2nd period - Shot by David Pastrnak.
10:10 of 2nd period - Stopped by Ilya Samsonov without a rebound.
10:11 of 2nd period - Robert Thomas wins face-off versus Jason Zucker in MINNESOTA Wild zone.
10:25 of 2nd period - Off-side.
10:26 of 2nd period - Jordan Eberle wins face-off versus Anton Lundell in neutral zone.
10:55 of 2nd period - Shot by Anton Lundell.
10:55 of 2nd period - Deflect By Denis Malgin.
10:55 of 2nd period - Stopped by Jonathan Quick without a rebound.
10:56 of 2nd period - Trevor Zegras wins face-off versus Robert Thomas in COLORADO Avalanche zone.
10:56 of 2nd period - Trevor Zegras is hit by Martin Necas.
11:07 of 2nd period - Minor Penalty to Robert Thomas for High sticking.
11:08 of 2nd period - David Pastrnak wins face-off versus J.T. Miller in MINNESOTA Wild zone.
11:17 of 2nd period - Shot by David Pastrnak.
11:17 of 2nd period - Deflect By Jeff Skinner.
11:17 of 2nd period - Stopped by Ilya Samsonov without a rebound.
11:18 of 2nd period - Jeff Skinner wins face-off versus J.T. Miller in MINNESOTA Wild zone.
11:27 of 2nd period - Shot by David Pastrnak.
11:27 of 2nd period - Stopped by Ilya Samsonov without a rebound.
11:28 of 2nd period - J.T. Miller wins face-off versus Jeff Skinner in MINNESOTA Wild zone.
12:56 of 2nd period - Icing by Zach Bogosian.
12:57 of 2nd period - J.T. Miller wins face-off versus Trevor Zegras in COLORADO Avalanche zone.
13:46 of 2nd period - Shot by Tomas Nosek.
13:46 of 2nd period - Stopped by Ilya Samsonov without a rebound.
13:47 of 2nd period - Anton Lundell wins face-off versus Jeff Skinner in MINNESOTA Wild zone.
14:03 of 2nd period - Icing by Oliver Ekman-Larsson.
14:04 of 2nd period - J.T. Miller wins face-off versus Jeff Skinner in COLORADO Avalanche zone.
14:10 of 2nd period - Off-side.
14:11 of 2nd period - J.T. Miller wins face-off versus Trevor Zegras in neutral zone.
14:41 of 2nd period - Trevor Zegras is hit by Alex Pietrangelo and loses puck.
14:45 of 2nd period - Alex Iafallo is hit by Mattias Ekholm and loses puck.
15:05 of 2nd period - Icing by Alex Pietrangelo.
15:06 of 2nd period - J.T. Miller wins face-off versus Jeff Skinner in MINNESOTA Wild zone.
15:40 of 2nd period - Minor Penalty to Kevin Fiala for Slashing.
15:41 of 2nd period - J.T. Miller wins face-off versus Trevor Zegras in MINNESOTA Wild zone.
16:32 of 2nd period - Shot by Oliver Ekman-Larsson.
16:32 of 2nd period - Stopped by Ilya Samsonov without a rebound.
16:33 of 2nd period - Jeff Skinner wins face-off versus Anton Lundell in MINNESOTA Wild zone.
16:37 of 2nd period - Minor Penalty to Alexandre Carrier for Hooking.
16:38 of 2nd period - Jeff Skinner wins face-off versus Trevor Moore in MINNESOTA Wild zone.
17:20 of 2nd period - Icing by Zach Bogosian.
17:21 of 2nd period - Jason Zucker wins face-off versus J.T. Miller in COLORADO Avalanche zone.
18:30 of 2nd period - Jake DeBrusk is hit by Mattias Ekholm and loses puck.
18:43 of 2nd period - Shot by Jake DeBrusk.
18:43 of 2nd period - Stopped by Ilya Samsonov without a rebound.
18:44 of 2nd period - Robert Thomas wins face-off versus Nick Foligno in MINNESOTA Wild zone.
18:44 of 2nd period - Robert Thomas is hit by Nick Foligno.
19:11 of 2nd period - Off-side.
19:12 of 2nd period - J.T. Miller wins face-off versus Trevor Zegras in neutral zone.
19:33 of 2nd period - Shot by Tyson Barrie.
19:33 of 2nd period - Shot Misses the Net.
19:35 of 2nd period - Shot by Jason Zucker.
19:35 of 2nd period - Shot Blocked by Zach Werenski.
19:37 of 2nd period - Shot by Trevor Zegras.
19:37 of 2nd period - Stopped by Ilya Samsonov without a rebound.
19:38 of 2nd period - Robert Thomas wins face-off versus Nick Foligno in MINNESOTA Wild zone.
19:55 of 2nd period - Icing by Zach Bogosian.
19:56 of 2nd period - J.T. Miller wins face-off versus Nick Foligno in COLORADO Avalanche zone.
19:56 of 2nd period - J.T. Miller is hit by Mark Pysyk.
19:58 of 2nd period - Shot by Tyler Toffoli.
19:58 of 2nd period - Stopped by Jonathan Quick without a rebound.
19:59 of 2nd period - David Pastrnak wins face-off versus J.T. Miller in COLORADO Avalanche zone.
19:59 of 2nd period - David Pastrnak is hit by J.T. Miller.
Goals for this period are 1 for MINNESOTA Wild vs 0 for COLORADO Avalanche.
Shots for this period are 7 for MINNESOTA Wild vs 12 for COLORADO Avalanche.

3rd period


0:01 of 3rd period - J.T. Miller wins face-off versus Jeff Skinner in neutral zone.
0:18 of 3rd period - Shot by Jeff Skinner.
0:18 of 3rd period - Deflect By Jake DeBrusk.
0:18 of 3rd period - Stopped by Ilya Samsonov without a rebound.
0:19 of 3rd period - Trevor Zegras wins face-off versus Robert Thomas in MINNESOTA Wild zone.
0:45 of 3rd period - Minor Penalty to Zach Bogosian for Holding.
0:46 of 3rd period - J.T. Miller wins face-off versus Jeff Skinner in COLORADO Avalanche zone.
0:46 of 3rd period - J.T. Miller is hit by Oliver Ekman-Larsson.
1:08 of 3rd period - Shot by Mattias Ekholm.
1:08 of 3rd period - Deflect By Tyler Toffoli.
1:08 of 3rd period - Shot Misses the Net.
1:10 of 3rd period - Shot by J.T. Miller.
1:10 of 3rd period - Stopped by Jonathan Quick without a rebound.
1:11 of 3rd period - Jeff Skinner wins face-off versus Robert Thomas in COLORADO Avalanche zone.
1:39 of 3rd period - Icing by Kevin Fiala.
1:40 of 3rd period - Jeff Skinner wins face-off versus Martin Necas in MINNESOTA Wild zone.
1:55 of 3rd period - Jake DeBrusk is hit by Robert Thomas and loses puck.
2:16 of 3rd period - Shot by Alex Pietrangelo.
2:16 of 3rd period - Stopped by Jonathan Quick without a rebound.
2:17 of 3rd period - J.T. Miller wins face-off versus Trevor Zegras in COLORADO Avalanche zone.
2:30 of 3rd period - Shot by J.T. Miller.
2:30 of 3rd period - Shot Hit the Post.
3:06 of 3rd period - Trevor Moore is hit by Zach Bogosian.
3:08 of 3rd period - Shot by Caleb Jones.
3:08 of 3rd period - Shot Misses the Net.
3:10 of 3rd period - Shot by Yanni Gourde.
3:10 of 3rd period - Shot Blocked by Zach Bogosian.
3:12 of 3rd period - Shot by Yanni Gourde.
3:12 of 3rd period - Deflect By Taylor Hall.
3:12 of 3rd period - Shot Misses the Net.
3:14 of 3rd period - Shot by Yanni Gourde.
3:14 of 3rd period - Stopped by Jonathan Quick with a rebound.
3:15 of 3rd period - Minor Penalty to Mark Pysyk for Interference.
3:15 of 3rd period - Minor Penalty to Yanni Gourde for Roughing.
3:16 of 3rd period - Jeff Skinner wins face-off versus J.T. Miller in COLORADO Avalanche zone.
3:30 of 3rd period - Icing by Alex Pietrangelo.
3:31 of 3rd period - J.T. Miller wins face-off versus Jeff Skinner in MINNESOTA Wild zone.
3:31 of 3rd period - J.T. Miller is hit by Jake DeBrusk.
3:38 of 3rd period - Off-side.
3:39 of 3rd period - Jeff Skinner wins face-off versus J.T. Miller in neutral zone.
3:52 of 3rd period - Shot by J.T. Miller.
3:52 of 3rd period - Stopped by Jonathan Quick without a rebound.
3:53 of 3rd period - Jeff Skinner wins face-off versus J.T. Miller in COLORADO Avalanche zone.
5:04 of 3rd period - Shot by Jason Zucker.
5:04 of 3rd period - Shot Misses the Net.
5:06 of 3rd period - Shot by Tyson Barrie.
5:06 of 3rd period - Stopped by Ilya Samsonov with a rebound.
5:22 of 3rd period - Shot by Tomas Nosek.
5:22 of 3rd period - Stopped by Ilya Samsonov without a rebound.
5:23 of 3rd period - Nick Foligno wins face-off versus Yanni Gourde in MINNESOTA Wild zone.
5:34 of 3rd period - Shot by Nick Foligno.
5:34 of 3rd period - Stopped by Ilya Samsonov without a rebound.
5:35 of 3rd period - Trevor Zegras wins face-off versus Anton Lundell in MINNESOTA Wild zone.
5:52 of 3rd period - Shot by Alex Pietrangelo.
5:52 of 3rd period - Stopped by Jonathan Quick without a rebound.
5:53 of 3rd period - Craig Smith wins face-off versus J.T. Miller in COLORADO Avalanche zone.
6:14 of 3rd period - Shot by J.T. Miller.
6:14 of 3rd period - Stopped by Jonathan Quick without a rebound.
6:15 of 3rd period - Robert Thomas wins face-off versus Jeff Skinner in COLORADO Avalanche zone.
6:18 of 3rd period - Shot by Alex Pietrangelo.
6:18 of 3rd period - Stopped by Jonathan Quick without a rebound.
6:19 of 3rd period - Jeff Skinner wins face-off versus Robert Thomas in COLORADO Avalanche zone.
6:24 of 3rd period - Shot by Jeff Skinner.
6:24 of 3rd period - Shot Blocked by Alex Pietrangelo.
7:04 of 3rd period - Shot by Jeff Skinner.
7:04 of 3rd period - Stopped by Ilya Samsonov without a rebound.
7:05 of 3rd period - Trevor Zegras wins face-off versus J.T. Miller in MINNESOTA Wild zone.
7:13 of 3rd period - Off-side.
7:14 of 3rd period - J.T. Miller wins face-off versus Trevor Zegras in neutral zone.
7:35 of 3rd period - Shot by Jason Zucker.
7:35 of 3rd period - Stopped by Ilya Samsonov without a rebound.
7:36 of 3rd period - Yanni Gourde wins face-off versus Nick Foligno in MINNESOTA Wild zone.
7:53 of 3rd period - Shot by Trevor Moore.
7:53 of 3rd period - Stopped by Jonathan Quick without a rebound.
7:54 of 3rd period - J.T. Miller wins face-off versus Jeff Skinner in COLORADO Avalanche zone.
7:59 of 3rd period - Shot by J.T. Miller.
7:59 of 3rd period - Deflect By Tyler Toffoli.
7:59 of 3rd period - Shot Misses the Net.
8:04 of 3rd period - Tyler Toffoli is hit by Zach Bogosian and loses puck.
8:11 of 3rd period - Shot by Nikita Kucherov.
8:11 of 3rd period - Stopped by Jonathan Quick without a rebound.
8:12 of 3rd period - Robert Thomas wins face-off versus Trevor Zegras in COLORADO Avalanche zone.
8:18 of 3rd period - Oliver Ekman-Larsson is hit by Mattias Ekholm and loses puck.
8:24 of 3rd period - Alex Pietrangelo is hit by Tyson Barrie and loses puck.
8:44 of 3rd period - Jason Zucker is hit by Alex Pietrangelo and loses puck.
9:36 of 3rd period - Icing by Mark Pysyk.
9:37 of 3rd period - Jeff Skinner wins face-off versus Taylor Hall in COLORADO Avalanche zone.
9:43 of 3rd period - Shot by Jake DeBrusk.
9:43 of 3rd period - Shot Blocked by Yanni Gourde.
9:45 of 3rd period - Shot by Zach Bogosian.
9:45 of 3rd period - Shot Blocked by Zach Werenski.
9:47 of 3rd period - Shot by Jake DeBrusk.
9:47 of 3rd period - Deflect By Jeff Skinner.
9:47 of 3rd period - Stopped by Ilya Samsonov without a rebound.
9:48 of 3rd period - Anton Lundell wins face-off versus Nick Foligno in MINNESOTA Wild zone.
10:13 of 3rd period - Shot by Nick Foligno.
10:13 of 3rd period - Shot Misses the Net.
10:57 of 3rd period - Shot by Alex Pietrangelo.
10:57 of 3rd period - Shot Misses the Net.
12:02 of 3rd period - Icing by Alex Pietrangelo.
12:03 of 3rd period - J.T. Miller wins face-off versus Craig Smith in MINNESOTA Wild zone.
12:25 of 3rd period - Shot by Martin Necas.
12:25 of 3rd period - Stopped by Jonathan Quick without a rebound.
12:26 of 3rd period - Robert Thomas wins face-off versus Trevor Zegras in COLORADO Avalanche zone.
13:08 of 3rd period - Alex Iafallo is hit by Alexandre Carrier and loses puck.
13:37 of 3rd period - Shot by David Pastrnak.
13:37 of 3rd period - Shot Misses the Net.
13:39 of 3rd period - Shot by Zach Bogosian.
13:39 of 3rd period - Deflect By David Pastrnak.
13:39 of 3rd period - Goal by David Pastrnak - MINNESOTA Wild : 2 - COLORADO Avalanche : 2.
13:40 of 3rd period - Anton Lundell wins face-off versus Nick Foligno in neutral zone.
13:47 of 3rd period - Shot by Anton Lundell.
13:47 of 3rd period - Shot Misses the Net.
13:57 of 3rd period - Shot by Jordan Eberle.
13:57 of 3rd period - Stopped by Ilya Samsonov with a rebound.
13:59 of 3rd period - Shot by Tomas Nosek.
13:59 of 3rd period - Shot Blocked by Caleb Jones.
14:01 of 3rd period - Shot by Jordan Eberle.
14:01 of 3rd period - Shot Misses the Net.
14:03 of 3rd period - Shot by Jordan Eberle.
14:03 of 3rd period - Stopped by Ilya Samsonov without a rebound.
14:04 of 3rd period - J.T. Miller wins face-off versus Jeff Skinner in MINNESOTA Wild zone.
14:06 of 3rd period - Icing by Nikita Kucherov.
14:07 of 3rd period - Jeff Skinner wins face-off versus J.T. Miller in MINNESOTA Wild zone.
14:07 of 3rd period - Jeff Skinner is hit by Mattias Ekholm.
14:18 of 3rd period - Icing by Alex Pietrangelo.
14:19 of 3rd period - Nikita Kucherov wins face-off versus Trevor Zegras in MINNESOTA Wild zone.
14:32 of 3rd period - Mark Pysyk is hit by J.T. Miller and loses puck.
14:47 of 3rd period - Shot by Nikita Kucherov.
14:47 of 3rd period - Stopped by Jonathan Quick without a rebound.
14:48 of 3rd period - Robert Thomas wins face-off versus Jeff Skinner in COLORADO Avalanche zone.
15:07 of 3rd period - Shot by Kevin Fiala.
15:07 of 3rd period - Stopped by Jonathan Quick with a rebound.
15:09 of 3rd period - Shot by Kevin Fiala.
15:09 of 3rd period - Shot Misses the Net.
15:11 of 3rd period - Shot by Alexandre Carrier.
15:11 of 3rd period - Shot Misses the Net.
15:19 of 3rd period - Shot by Robert Thomas.
15:19 of 3rd period - Shot Blocked by Tyson Barrie.
15:21 of 3rd period - Shot by Alexandre Carrier.
15:21 of 3rd period - Goal by Alexandre Carrier - MINNESOTA Wild : 3 - COLORADO Avalanche : 2.
15:22 of 3rd period - J.T. Miller wins face-off versus Trevor Zegras in neutral zone.
15:45 of 3rd period - Mattias Ekholm is hit by Jason Zucker and loses puck.
16:19 of 3rd period - Off-side.
16:20 of 3rd period - Jake DeBrusk wins face-off versus Robert Thomas in neutral zone.
16:32 of 3rd period - Shot by Martin Necas.
16:32 of 3rd period - Shot Hit the Post.
16:58 of 3rd period - Shot by Robert Thomas.
16:58 of 3rd period - Shot Misses the Net.
17:00 of 3rd period - Shot by Kevin Fiala.
17:00 of 3rd period - Shot Misses the Net.
17:46 of 3rd period - Taylor Hall is hit by Tyson Barrie and loses puck.
17:49 of 3rd period - Shot by Trevor Moore.
17:49 of 3rd period - Stopped by Jonathan Quick without a rebound.
17:50 of 3rd period - Trevor Zegras wins face-off versus J.T. Miller in COLORADO Avalanche zone.
18:07 of 3rd period - Shot by J.T. Miller.
18:07 of 3rd period - Stopped by Jonathan Quick with a rebound.
18:12 of 3rd period - J.T. Miller is hit by Zach Bogosian and loses puck.
18:21 of 3rd period - Shot by J.T. Miller.
18:21 of 3rd period - Deflect By Nikita Kucherov.
18:21 of 3rd period - Shot Misses the Net.
18:32 of 3rd period - Minor Penalty to Zach Bogosian for Slashing.
18:33 of 3rd period - Robert Thomas wins face-off versus Jeff Skinner in COLORADO Avalanche zone.
18:42 of 3rd period - Shot by Kevin Fiala.
18:42 of 3rd period - Stopped by Jonathan Quick without a rebound.
18:43 of 3rd period - Jeff Skinner wins face-off versus Robert Thomas in COLORADO Avalanche zone.
19:52 of 3rd period - Off-side.
19:53 of 3rd period - J.T. Miller wins face-off versus Trevor Zegras in neutral zone.
Goals for this period are 1 for MINNESOTA Wild vs 1 for COLORADO Avalanche.
Shots for this period are 16 for MINNESOTA Wild vs 10 for COLORADO Avalanche. Output by the SimonT Hockey Simulator (STHS) for Martin Benoit - Original Page W3C HTML5 Valid
Hockey Simulator - Hockey Simulation - Hockey Manager